 Dungeon Crawl Stone Soup version 0.27.1 (webtiles) character file.

Game seed: 609292146018488073

80 Atelerd the Sneak (level 4, -3/27 HPs)
             Began as an Octopode Earth Elementalist on Sept 1, 2021.
             Slain by a scorpion (9 damage)
             ... on level 3 of the Dungeon.
             The game lasted 00:05:07 (2837 turns).

Atelerd the Sneak (Octopode Earth Elementalist)     Turns: 2837, Time: 00:05:07

Health: -3/27      AC:  1    Str:  7    XL:     4   Next: 39%
Magic:  7/8        EV: 13    Int: 18    God:
Gold:   106        SH:  0    Dex: 12    Spells: 0/8 levels left

rFire    + . .     SeeInvis .   l - +1 short sword (elec)
rCold    . . .     Faith    .   (no shield)
rNeg     . . .     Spirit   .   (helmet restricted)
rPois    +         Reflect  .   (no amulet)
rElec    .         Harm     .   d - ring of protection from fire
rCorr    .         Rampage  .   i - ring of poison resistance
Will     .....                  (no ring)
Stlth    +++.......             (no ring)
HPRegen  0.09/turn              (no ring)
MPRegen  0.11/turn              (no ring)
                                (no ring)
                                (no ring)

@: lethally poisoned (-3 -> -11)
A: almost no armour, amphibious, 8 rings, camouflage 1, gelatinous body 1,
(nimble swimmer 1), tentacles
a: no special abilities


You were on level 3 of the Dungeon.
You visited 1 branch of the dungeon, and saw 3 of its levels.

You collected 106 gold pieces.

Inventory:

Hand Weapons
 e - a +0 dagger
 l - a +1 short sword of electrocution (weapon)
Missiles
 b - 76 stones
Jewellery
 c - a ring of ice
 d - a ring of protection from fire (left tentacle)
 i - a ring of poison resistance (right tentacle)
Scrolls
 a - 2 scrolls of blinking {unknown}
 j - a scroll of identify {unknown}
 k - a scroll of enchant armour {unknown}
 n - 3 scrolls of magic mapping {unknown}
 q - a scroll of amnesia {unknown}
Potions
 f - 2 potions of heal wounds {unknown}
 g - a potion of curing {unknown}
 h - a potion of might {unknown}
 m - a potion of lignification {unknown}
 o - 2 potions of attraction {unknown}
 p - a potion of degeneration {unknown}


   Skills:
 - Level 2.0 Dodging
 + Level 3.9 Stealth
 + Level 2.6 Spellcasting
 + Level 2.1 Transmutations
 + Level 3.6 Earth Magic


You couldn't memorise any spells.
You knew the following spells:

 Your Spells              Type           Power      Damage    Failure   Level
a - Sandblast             Erth           30%        2d9       3%          1
b - Petrify               Tmut/Erth      12%        N/A       45%         4
s - Stone Arrow           Conj/Erth      16%        3d8       24%         3

Your spell library contained the following spells:

 Spells                   Type           Power      Damage    Failure   Level
 Passwall                 Tmut/Erth      10%        N/A       8%          2
 Static Discharge         Conj/Air       2%         N/A       26%         2
 Lightning Bolt           Conj/Air       1%         1d12      99%         5
 Maxwell's Capacitive Co  Air            1%         ∞         100%        8


Dungeon Overview and Level Annotations

Branches:
Dungeon (3/15)

Altars:

Shops:
D:1 =*=[


Innate Abilities, Weirdness & Mutations

You cannot wear most types of armour.
You are amphibious.
You can wear up to eight rings at the same time.
Your skin changes colour to match your surroundings (Stealth+).
Your rubbery body absorbs attacks. (AC +1, EV +1)
((You are camouflaged near water. (Stealth+)))
You have tentacles for arms and can constrict up to eight enemies at once.


Message History

No target in view!
No target in view!
q - a scroll labelled LOFOKH CAYCAAL No target in view!
Found an escape hatch in the floor.
No target in view!
No target in view!
Found 12 gold pieces.
No target in view!
You now have 106 gold pieces (gained 12).
A scorpion comes into view.
A scorpion is nearby!
A scorpion is nearby!
A scorpion is nearby!
A scorpion is nearby!
The scorpion stings you. The scorpion closely misses you.
You hit the scorpion but do no damage. Your grab misses the scorpion.
The scorpion stings you!
You barely miss the scorpion. You grab the scorpion.
You constrict the scorpion. The scorpion stings you.
You are lethally poisoned!
The scorpion poisons you!
You are too injured to fight recklessly!
There is a lethal amount of poison in your body!
You are too injured to fight recklessly!
There is a lethal amount of poison in your body!
You are too injured to fight recklessly!
You are too injured to fight recklessly!
Casting: Sandblast (safe; 3% risk of failure)
Confirm with . or Enter, or press ? or * to list all spells.
Aiming: Sandblast (safe; 3% risk of failure)
Press: ? - help, Shift-Dir - straight line, f - scorpion
Aim: a scorpion (lightly wounded, constricted by you, 100% to hit)
The blast of sand hits the scorpion!
The scorpion is heavily wounded.
You constrict the scorpion.
* * * LOW HITPOINT WARNING * * *
You feel very sick. The scorpion stings you!
You die...

.######.######.# #.#
#....>.#.#... #
#.###.####...#.#.# .
#................#
...............#...#
##############.# .
#.# #.# #@# #....s#
#.#.### ... #.# ...
###


You could see a scorpion.

Vanquished Creatures
  A gnoll (D:1)
  An adder (D:2)
  An ufetubus (D:2)
  2 worms (D:2)
  4 ball pythons
  4 bats (D:1)
  3 endoplasms
  A giant cockroach (D:1)
  6 goblins
  11 hobgoblins
  A kobold (D:2)
  A quokka (D:1)
  4 frilled lizards
  5 rats
45 creatures vanquished.

Notes
Turn   | Place    | Note
-------+----------+-------------------------------------------
     0 | D:1      | Atelerd the Octopode Earth Elementalist began the quest for
                  | the Orb.
     0 | D:1      | Reached XP level 1. HP: 11/11 MP: 3/3
   610 | D:1      | Reached XP level 2. HP: 17/17 MP: 5/5
   619 | D:1      | Found Ecwuodeh's Armour Emporium.
   622 | D:1      | Found Ykky's Jewellery Boutique.
   687 | D:1      | Found Peph's Jewellery Boutique.
   688 | D:1      | Found Poosogroub's General Store.
   950 | D:1      | Reached XP level 3. HP: 21/21 MP: 6/6
   954 | D:1      | Learned a level 3 spell: Stone Arrow
  1584 | D:2      | Found a faded altar of an unknown god.
  2022 | D:2      | Reached XP level 4. HP: 20/27 MP: 7/7
  2028 | D:2      | Learned a level 4 spell: Petrify
  2830 | D:3      | Noticed a scorpion
  2837 | D:3      | Slain by a scorpion

Illustrated notes

Levels and vault maps discovered:
D:1:      matt_arrival_debris, layout_basic, serial_shops, shop,
          nicolae_shop_crystal, shop, nicolae_shop_stone
D:2:      layout_rooms, ebering_ecumenical_altar_webs
D:3:      layout_basic, tso_metal_star, gammafunk_ghost_necromancy,
          chequers_decorated_corner

Skill      XL: |  1  2  3  4 |
---------------+-------------+-----
Stealth        | 3 |  3.9
Transmutations | 2 |  2.1
Dodging        | |  2.0
Spellcasting   | |  2.6
Earth Magic    | |  3.6

Action                   |  1- 3 |  4- 6 || total
-------------------------+-------+-------++-------
Melee: Unarmed           |    17 |       ||    17
       Tentacles         |    12 |     1 ||    13
       Constrict         |    15 |     3 ||    18
       Dagger            |    46 |     1 ||    47
       Short sword       |       |    18 ||    18
 Cast: Sandblast         |    12 |     5 ||    17
 Stab: Sleeping          |    11 |     3 ||    14
Armor: Skin              |     9 |       ||     9
Dodge: Dodged            |    59 |     7 ||    66
